 Dungeon Crawl Stone Soup version 0.20.0-8-g6b59dc7 (console) character file.

406 removed the Slasher (level 6, -7/35 HPs)
             Began as a Tengu Warper on May 31, 2017.
             Killed from afar by Dowan (12 damage)
             ... with a shard of ice
             ... on level 4 of the Dungeon.
             The game lasted 00:05:50 (2922 turns).

removed the Slasher (Tengu Warper)                  Turns: 2922, Time: 00:05:51

Health: -7/35      AC: 10    Str: 14 (16) XL:     6   Next: 87%
Magic:  10/10      EV:  6    Int: 17 (18) God:
Gold:   168        SH:  0    Dex: 10 (16) Spells: 9/9 levels left

rFire    . . .     SeeInvis .   a - +0 falchion
rCold    . . .     Gourm    .   (no shield)
rNeg     . . .     Faith    .   h - +0 shadow dragon scales
rPois    +         Spirit   .   (helmet restricted)
rElec    .         Reflect  .   (no cloak)
rCorr    .         Harm     .   (no gloves)
MR       .....                  (boots unavailable)
Stlth    ++........             (no amulet)
Regen    0.2/turn               g - +5 ring of intelligence
MPRegen  0.2/turn               i - ring of poison resistance

@: mighty
A: beak, talons 3, able to fly 1
a: Fly


You were on level 4 of the Dungeon.
You were not hungry.

You visited 1 branch of the dungeon, and saw 4 of its levels.

You collected 168 gold pieces.

Inventory:

Hand Weapons
 a - a +0 falchion (weapon)
 z - a +0 short sword of freezing
Missiles
 e - 5 tomahawks of dispersal (quivered)
 p - 6 tomahawks
Armour
 b - a +0 leather armour
 h - +0 shadow dragon scales (worn)
 A - a +1 chain mail of cold resistance
Jewellery
 g - a +5 ring of intelligence (left hand)
 i - a ring of poison resistance (right hand)
Wands
 y - a wand of polymorph (4/24)
Scrolls
 d - 2 scrolls of blinking
 k - 8 scrolls of identify {unknown}
 l - 3 scrolls of immolation {unknown}
 r - a scroll of enchant weapon {unknown}
 t - a scroll of teleportation {unknown}
 w - 3 scrolls of remove curse
 C - 4 scrolls of fear {unknown}
 D - a scroll of amnesia {unknown}
Potions
 n - a potion of resistance
 q - a potion of degeneration
 u - a potion of haste {unknown}
 E - a potion of flight {unknown}
 F - a potion of magic {unknown}
 G - a potion of cancellation {unknown}
Books
 c - a book of Spatial Translocations

   Spells                             Type                      Level
   a - Blink                          Translocation                2
   b - Shroud of Golubria             Charms/Translocation         2
   c - Lesser Beckoning               Translocation                3
   d - Gell's Gravitas                Translocation                3
   e - Teleport Other                 Translocation                3
   f - Passage of Golubria            Translocation                4
Comestibles
 f - 3 bread rations
 m - 2 meat rations
 H - a chunk of flesh


   Skills:
 - Level 2.0 Fighting
 + Level 7.8 Long Blades
 - Level 1.0 Throwing
 - Level 1.1 Armour
 - Level 2.1 Dodging
 - Level 2.0 Spellcasting
   Level 2.4 Translocations


You had 9 spell levels left.
You didn't know any spells.

Dungeon Overview and Level Annotations

Branches:
Dungeon (4/15)
 Temple: D:4-7

Altars:
Ashenzari
Kikubaaqudgha

Annotations:
D:4 exclusion: iguana, Dowan


Innate Abilities, Weirdness & Mutations

You have a beak for a mouth.
You have claws for feet.
You can fly.


Message History

Duvessa bites you!
* * * LOW HITPOINT WARNING * * *
You miss Duvessa. You claw Duvessa.
Duvessa is almost dead.
Duvessa bites you.
* * * LOW HITPOINT WARNING * * *
Duvessa completely misses you.
You hit Duvessa.
You kill Duvessa!
You hear a distant wail of despair.
You feel your intelligence returning.
Dowan seems to find hidden reserves of power!
Things that are here:
a vampiric short sword; a ring mail; a cyan potion You closely miss Dowan.
Your kick misses Dowan. Dowan hits you but does no damage.
You miss Dowan. Your kick misses Dowan. Dowan gestures at you while chanting.
The shard of ice hits you!
You die...

#.##### ##
#.##.. ..
#.##.# .##
#.##.#..e#e#
#.....e_....
#.##.#...#.#
#.##$# .##
#######e##..
..
#.....@.#####
## #.#######
#.##.##
#.....#
####.## #.#
#.# #.# #.#


You could see Dowan.

Vanquished Creatures
  A warg (D:4)
  A quasit (D:4)
  An orc wizard (D:4)
  Terence (D:3)
  A worker ant (D:4)
  Robin (D:2)
  7 adders
  An ooze (D:2)
  A worm (D:4)
  2 dart slugs
  A leopard gecko (D:1)
  5 orcs
  4 bats
  7 giant cockroaches
  16 goblins
  18 hobgoblins
  4 jackals
  3 ball pythons
  4 frilled lizards
  6 kobolds
  10 rats
95 creatures vanquished.

Vanquished Creatures (others)
  A goblin (D:3)
1 creature vanquished.

Grand Total: 96 creatures vanquished

Notes
Turn   | Place    | Note
-------+----------+-------------------------------------------
     0 | D:1      | removed the Tengu Warper began the quest for the Orb.
     0 | D:1      | Reached XP level 1. HP: 12/12 MP: 4/4
   112 | D:1      | Reached XP level 2. HP: 17/17 MP: 6/6
   121 | D:1      | Reached skill level 3 in Long Blades
   396 | D:1      | Reached XP level 3. HP: 21/21 MP: 7/7
   595 | D:2      | Reached skill level 4 in Long Blades
   861 | D:2      | Reached XP level 4. HP: 26/26 MP: 8/8
   946 | D:2      | Reached skill level 5 in Long Blades
  1005 | D:2      | Found an ancient bone altar of Kikubaaqudgha.
  1287 | D:3      | Noticed Robin
  1343 | D:2      | Killed Robin
  1343 | D:2      | Gained mutation: You can fly. [Tengu growth]
  1343 | D:2      | Reached XP level 5. HP: 14/30 MP: 9/9
  1538 | D:3      | Noticed Terence
  1571 | D:3      | Killed Terence
  1973 | D:3      | Reached skill level 6 in Long Blades
  2480 | D:4      | Reached XP level 6. HP: 24/35 MP: 10/10
  2866 | D:4      | Found a shattered altar of Ashenzari.
  2871 | D:4      | Noticed Duvessa
  2894 | D:4      | Reached skill level 7 in Long Blades
  2897 | D:4      | Noticed Dowan
  2905 | D:4      | Noticed Duvessa
  2905 | D:4      | Duvessa changed into Duvessa the warg
  2918 | D:4      | Killed Duvessa the warg
  2922 | D:4      | Killed from afar by Dowan

Skill      XL: |  1  2  3  4  5  6 |
---------------+-------------------+-----
Long Blades    | 3 4 5 6 7 |  7.8
Fighting       | |  2.0
Throwing       | |  1.0
Armour         | |  1.1
Dodging        | |  2.1
Spellcasting   | |  2.0
Translocations | |  2.4

Action                   |  1- 3 |  4- 6 || total
-------------------------+-------+-------++-------
Melee: Falchion          |   101 |   250 ||   351
       Kick              |    25 |    61 ||    86
       Peck              |    21 |    39 ||    60
Evoke: Wand              |       |     2 ||     2
  Use: Scroll            |     1 |       ||     1
       Potion            |       |     4 ||     4
 Stab: Sleeping          |     3 |     6 ||     9
       Distracted        |     2 |       ||     2
  Eat: Chunk             |       |     7 ||     7
Armor: Shadow dragon sca |    85 |   192 ||   277
Dodge: Dodged            |    29 |    70 ||    99
       Rpst.: Falchion   |     8 |    14 ||    22
